 Dungeon Crawl Stone Soup version 0.29.1-12-g30fa7ad0bf (webtiles) character file.

Game seed: 3802413886814154941

17196 pesado the Severer (level 12, -33/177 HPs)
             Began as a Hill Orc Berserker on Dec 22, 2022.
             Was a High Priest of Trog.
             Annihilated by an orc warlord
             ... wielding a +0 battleaxe
              (45 damage)
             ... on level 1 of the Orcish Mines.
             The game lasted 00:13:57 (11609 turns).

pesado the Severer (Hill Orc Berserker)            Turns: 11609, Time: 00:13:58

Health: -33/177    AC: 19    Str: 31    XL:     12   Next: 45%
Magic:  4/4        EV:  9    Int:  7    God:    Trog [*****.]
Gold:   1664       SH:  0    Dex: 10    Spells: 11/11 levels left

rFire   . . .      SeeInvis .   z - +0 battleaxe (antimagic)
rCold   . . .      Faith    .   (shield currently unavailable)
rNeg    . . .      Spirit   .   O - +0 plate armour
rPois   .          Reflect  .   (no helmet)
rElec   .          Harm     .   (no cloak)
rCorr   .          Rampage  .   (no gloves)
Will    .....                   o - +2 pair of boots {Stlth+}
Stlth   ..........              f - amulet of regeneration
HPRegen 1.19/turn               K - +6 ring of strength
MPRegen 0.09/turn               q - +4 ring of slaying

@: berserking (expiring), very quick
A: no striking features
a: Renounce Religion, Berserk, Trog's Hand, Brothers in Arms


You were on level 1 of the Orcish Mines.
You worshipped Trog.
Trog was extremely pleased with you.
You visited 2 branches of the dungeon, and saw 13 of its levels.

You collected 1664 gold pieces.

Inventory:

Hand Weapons
 n - a +1 vorpal war axe
 z - a +0 antimagic battleaxe (weapon)
 Q - a +0 dire flail
Missiles
 x - 7 poisoned darts (quivered)
Armour
 a - a +2 scale mail of fire resistance
 h - a +0 leather armour
 o - a +2 pair of boots of stealth (worn)
 u - a +1 chain mail of poison resistance
 O - a +0 plate armour (worn)
Jewellery
 f - an amulet of regeneration (around neck)
 l - a ring of flight
 q - a +4 ring of slaying (right hand)
 s - a ring of resist corrosion
 y - a +6 ring of intelligence
 A - a ring of positive energy
 B - a ring of magical power
 E - a +4 ring of evasion
 K - a +6 ring of strength (left hand)
Wands
 g - a wand of light (11)
 t - a wand of digging (7)
 C - a wand of charming (17)
 F - a wand of mindburst (8)
Scrolls
 b - 6 scrolls of teleportation
 c - 3 scrolls of fog
 d - 3 scrolls of blinking
 k - a scroll of vulnerability
 p - 2 scrolls of poison
 M - 2 scrolls of enchant armour
 R - a scroll of identify
Potions
 e - 4 potions of curing
 i - 3 potions of lignification
 j - 2 potions of attraction
 m - 6 potions of heal wounds
 r - 2 potions of haste
 v - a potion of resistance {unknown}
 w - 4 potions of mutation
 D - a potion of berserk rage {unknown}
 G - a potion of might
 J - 2 potions of flight {unknown}
 P - a potion of cancellation {unknown}
Miscellaneous
 N - a phial of floods


   Skills:
 + Level 14.3 Fighting
 + Level 15.2 Axes
 + Level 12.9 Armour
 - Level 1.5 Dodging


You had 11 spell levels left.
You didn't know any spells.
Your spell library was empty.

Dungeon Overview and Level Annotations

Branches:
Dungeon (12/15)            Temple (0/1) D:6            Lair (0/5) D:11
    Orc (1/2) D:11

Altars:
Ashenzari
Cheibriados
Gozag
Ru
Xom
Zin

Shops:
D:6 :   Orc:1 (


Message History

You feel a strong urge to attack something.
The orc warrior shouts!
The orc sorcerer gestures wildly while chanting.
An orc comes into view. It is wielding a +0 hand axe.
The orc warrior hits you with a +0 dire flail!
* * * LOW HITPOINT WARNING * * *
Unknown command.
You closely miss the orc sorcerer. You slash the orc warrior!
You completely miss the orc.
The orc knight roars a battlecry!
The orc goes into a battle-frenzy!
The orc warlord roars a battlecry!
An orc comes into view. It is wielding a +0 club.
The orc sorcerer hits you but does no damage.
The orc hits you but does no damage.
The orc warrior hits you with a +0 dire flail!!
* * * LOW HITPOINT WARNING * * *
You hear a shout!
The orc shouts!
Unknown command.
You slice the orc sorcerer!!
You kill the orc sorcerer!
Trog accepts your kill.
Trog appreciates your killing of a magic user.
The orange demon disappears in a puff of smoke!
You slice the orc warrior!!
You feel the power of Trog in you as your rage grows.
You kill the orc warrior!
Trog accepts your kill.
You slice the orc!!
You kill the orc!
Trog accepts your kill.
You slash the orc!
You kill the orc!
Trog accepts your kill.
You are too berserk!
An orc comes into view. It is wielding a +0 flail.
The orc shouts!
An orc warrior comes into view. It is wielding a +0 short sword.
The orc warlord hits you with a +0 battleaxe!!!
You die...

#..........#.# .... ...
....)........# #..###...
.....).....#.# #...#....
...).........# #........
.#.........#.# #o.......
..##.........###..§.....
.####......#.##)o)......
## #........#)).o..ooo.
##......))))@..#####
##......))§.o##
###....#.......
#######......o
##........ ##.......
#######


You could see an orc warlord (strong), an orc knight (strong), 3 orc warriors
and 3 orcs.

Vanquished Creatures
  Erica (Orc:1)
  A hydra (D:11)
  An ogre mage (Orc:1)
  A two-headed ogre (D:9)
  Pikel (D:8)
  A cyclops (D:11)
  An orc sorcerer (Orc:1)
  An elephant (D:11)
  An unseen horror (D:10)
  5 trolls
  4 slime creatures
  Prince Ribbit (D:5)
  A shadow (D:11)
  A wraith (D:11)
  2 wyverns
  9 yaks
  Menkaure (D:4)
  5 wargs (Orc:1)
  Edmund (D:4)
  A water moccasin (D:5)
  4 acid dragons
  A sky beast (D:8)
  5 ice beasts
  5 black bears
  14 orc warriors
  An ogre (D:7)
  4 centaurs
  A lemure (D:8)
  A kobold brigand (D:8)
  3 bullfrogs
  A gnoll sergeant (D:6)
  3 scorpions
  12 wights
  6 killer bees (D:10)
  4 howler monkeys (D:10)
  5 hounds
  8 orc priests
  7 jellies
  2 gnoll boudas
  2 iguanas
  Natasha (thrice) (D:4)
  18 orc wizards
  4 adders
  15 gnolls
  A shadow imp (D:8)
  2 white imps
  4 dart slugs
  51 orcs
  6 ball pythons
  27 endoplasms
  A giant cockroach (D:3)
  13 goblins
  9 hobgoblins
  A quokka (D:1)
  2 bats
  6 frilled lizards
  12 kobolds
  6 rats
310 creatures vanquished.

Vanquished Creatures (collateral kills)
  An orc warlord (Orc:1)
  An orc knight (Orc:1)
  An orc sorcerer (Orc:1)
  A warg (Orc:1)
  An orc wizard (Orc:1)
  2 orcs (Orc:1)
7 creatures vanquished.

Vanquished Creatures (others)
  5 dream sheep (D:9)
  4 fungi (D:10)
  2 plants
11 creatures vanquished.

Grand Total: 328 creatures vanquished

Notes
Turn   | Place    | Note
-------+----------+-------------------------------------------
     0 | D:1      | pesado the Hill Orc Berserker began the quest for the Orb.
     0 | D:1      | Reached XP level 1. HP: 19/19 MP: 1/1
   179 | D:1      | Reached XP level 2. HP: 6/26 MP: 2/2
   524 | D:1      | Reached skill level 5 in Axes
   744 | D:1      | Reached XP level 3. HP: 28/31 MP: 3/3
   963 | D:1      | Reached ** piety under Trog
  1715 | D:2      | Reached skill level 6 in Axes
  1932 | D:2      | Reached XP level 4. HP: 39/39 MP: 4/4
  2676 | D:3      | Reached XP level 5. HP: 46/46 MP: 5/5
  3500 | D:4      | Noticed Menkaure
  3505 | D:4      | Killed Menkaure
  3506 | D:4      | Reached skill level 7 in Axes
  3506 | D:4      | Reached XP level 6. HP: 53/55 MP: 6/6
  3578 | D:4      | Noticed a black bear
  3584 | D:4      | Killed a black bear
  3585 | D:4      | Reached skill level 5 in Fighting
  3788 | D:4      | Reached XP level 7. HP: 32/62 MP: 7/7
  3977 | D:4      | Reached *** piety under Trog
  4012 | D:4      | Reached skill level 5 in Armour
  4073 | D:4      | Noticed Natasha
  4078 | D:4      | Killed Natasha
  4187 | D:4      | Noticed Edmund
  4198 | D:4      | Killed Edmund
  4251 | D:4      | Identified the +4 hand axe "Murmur" {drain, Dex+3}
  4773 | D:4      | Noticed Natasha
  4781 | D:4      | Killed Natasha
  4885 | D:4      | Noticed Natasha
  4890 | D:4      | Killed Natasha
  4956 | D:5      | Entered Level 5 of the Dungeon
  4962 | D:5      | Reached XP level 8. HP: 73/73 MP: 8/8
  5191 | D:5      | Noticed Prince Ribbit
  5205 | D:5      | Killed Prince Ribbit
  5206 | D:5      | Reached skill level 8 in Axes
  5701 | D:6      | Reached skill level 9 in Axes
  5701 | D:6      | Reached XP level 9. HP: 82/82 MP: 9/9
  5708 | D:6      | Reached **** piety under Trog
  5802 | D:6      | Found Arui's Book Emporium.
  5829 | D:6      | Found a staircase to the Ecumenical Temple.
  6136 | D:6      | Found a sacrificial altar of Ru.
  7135 | D:7      | Reached skill level 10 in Axes
  7241 | D:7      | Found an opulent altar of Gozag.
  7324 | D:7      | Found a glowing silver altar of Zin.
  7621 | D:8      | Reached skill level 10 in Fighting
  7649 | D:8      | Noticed Pikel
  7657 | D:8      | Killed Pikel
  7658 | D:8      | Reached XP level 10. HP: 85/94 MP: 10/10
  7721 | D:8      | Reached skill level 11 in Axes
  7774 | D:8      | Found a flagged portal.
  8073 | D:8      | Reached ***** piety under Trog
  8190 | D:9      | Found a broken altar of Ashenzari.
  8194 | D:9      | Noticed a two-headed ogre
  8204 | D:9      | Killed a two-headed ogre
  8273 | D:9      | Reached skill level 10 in Armour
  8674 | D:9      | Reached skill level 12 in Axes
  8691 | D:9      | Found a shimmering altar of Xom.
  9012 | D:9      | Found a snail-covered altar of Cheibriados.
  9161 | D:10     | Entered Level 10 of the Dungeon
  9221 | D:10     | Killed an unseen horror
  9372 | D:10     | Reached XP level 11. HP: 104/104 MP: 11/11
  9804 | D:11     | Found a staircase to the Lair.
  9812 | D:11     | Reached skill level 13 in Axes
  9889 | D:11     | Found a staircase to the Orcish Mines.
  9961 | D:11     | Noticed a seven-headed hydra
  9991 | D:11     | Killed a seven-headed hydra
 10245 | D:11     | Noticed a cyclops
 10253 | D:11     | Killed a cyclops
 10662 | D:11     | Reached skill level 14 in Axes
 11100 | D:11     | Identified a scroll of acquirement
 11100 | D:11     | Acquired 923 gold pieces
 11115 | Orc:1    | Entered Level 1 of the Orcish Mines
 11224 | Orc:1    | Received a gift from Trog
 11284 | Orc:1    | Found Xeifun's Antique Weapon Boutique.
 11343 | Orc:1    | Noticed Erica
 11355 | Orc:1    | Killed Erica
 11356 | Orc:1    | Reached XP level 12. HP: 86/115 MP: 4/12
 11518 | Orc:1    | Noticed an ogre mage
 11529 | Orc:1    | Killed an ogre mage
 11576 | Orc:1    | Noticed an orc warlord
 11589 | Orc:1    | Killed an orc warlord
 11603 | Orc:1    | Reached skill level 15 in Axes
 11603 | Orc:1    | Noticed an orc warlord
 11609 | Orc:1    | Annihilated by an orc warlord

Illustrated notes

Levels and vault maps discovered:
D:1:      evilmike_arrival_plus, layout_basic, serial_forest,
          infiniplex_forest_end_1, infiniplex_forest_lined_1,
          infiniplex_forest_diagonal, infiniplex_forest_clump_small,
          infiniplex_forest_clump_curved, infiniplex_forest_clump_small,
          infiniplex_forest_straight_2
D:2:      layout_basic
D:3:      layout_loops_corners, serial_glass, glass_columns_c, glass_columns_b,
          glass_columns_c, glass_columns_b, glass_columns_a, glass_columns_b,
          glass_columns_a, glass_columns_b
D:4:      layout_gridville, uniq_edmund, uniq_natasha, uniq_menkaure
D:5:      layout_loops_ring, uniq_prince_ribbit1
D:6:      layout_basic, nicolae_ru_sacrificial_ziggurat,
          minmay_temple_entry_grid, serial_shops, nicolae_shop_crystal
D:7:      layout_loops_cross, pdpol_temple_overflow_zin_treasury_gozag_greed
D:8:      layout_loops_cross, enter_bailey_2, st_stairs_14, uniq_pikel
D:9:      layout_long_grid, mainiacjoe_overflow_paths, cheibriados_altar_1,
          kb_xom_exploding_sheep, amcnicky_mini_corridor_feature
D:10:     lemuel_slime, layout_small_grid, chequers_garden
D:11:     layout_grid_maze, david_lair_generic, david_orc_3, dk_noncrumbling_4
D:12:     layout_gridville, chequers_serial_rivers_small_a, water_boxes_lemuel,
          uniq_maurice, uniq_fannar
Orc:1:    layout_caves, serial_shops, shop, minmay_orc_treasury, uniq_erica

Skill      XL: |  1  2  3  4  5  6  7  8  9 10 11 12 |
---------------+-------------------------------------+-----
Axes           | 5 6 7 9 10 12 14 15 | 15.2
Fighting       | 4 5 7 8 10 11 13 14 | 14.3
Armour         | 3 4 6 7 9 10 12 | 12.9
Dodging        | |  1.5

Action                   |  1- 3 |  4- 6 |  7- 9 | 10-12 || total
-------------------------+-------+-------+-------+-------++-------
Melee: Hand axe          |   100 |     5 |       |       ||   105
       War axe           |       |    54 |   240 |   268 ||   562
       Punch             |       |       |     3 |     6 ||     9
       Battleaxe         |       |       |       |    43 ||    43
       Dire flail        |       |       |       |     9 ||     9
Invok: Berserk           |     2 |     1 |     3 |     6 ||    12
       Trog's Hand       |       |       |     1 |     2 ||     3
       Brothers in Arms  |       |       |       |     1 ||     1
Evoke: Wand              |       |       |       |     1 ||     1
  Use: Scroll            |       |       |    11 |     9 ||    20
       Potion            |       |       |     1 |     2 ||     3
 Stab: Sleeping          |       |     4 |       |       ||     4
Armor: Animal skin       |    17 |       |       |       ||    17
       Leather armour    |     5 |     9 |    12 |       ||    26
       Chain mail        |       |       |   120 |   184 ||   304
       Plate armour      |       |       |       |    47 ||    47
Dodge: Dodged            |    57 |    30 |    97 |   167 ||   351
